 Dungeon Crawl Stone Soup version 0.21.1-1-g345015f (webtiles) character file.

426 pstr the Digger (level 6, -4/50 HPs)
             Began as a Naga Earth Elementalist on Feb 17, 2018.
             Killed by divine providence
             ... invoked by an orc priest
              (13 damage)
             ... on level 4 of the Dungeon.
             The game lasted 00:10:48 (3780 turns).

pstr the Digger (Naga Earth Elementalist)           Turns: 3780, Time: 00:10:49

Health: -4/50      AC:  4    Str: 11    XL:     6   Next: 97%
Magic:  1/12       EV: 10    Int: 17    God:
Gold:   207        SH:  0    Dex: 11    Spells: 9/13 levels left

rFire    . . .     SeeInvis +   i - +0 spear
rCold    . . .     Gourm    .   (no shield)
rNeg     . . .     Faith    .   c - +0 robe
rPois    +         Spirit   .   (no helmet)
rElec    .         Reflect  .   (no cloak)
rCorr    +         Harm     .   p - +0 pair of gloves
MR       .....                  (no barding)
Stlth    ++........             (no amulet)
HPRegen  0.16/turn              j - ring of resist corrosion
MPRegen  0.13/turn              (no ring)

@: very slightly contaminated, hasted, quick
A: large, see invisible, deformed body, poison resistance, slowness 2, slow
metabolism 1, spit poison 1, AC +2
a: Spit Poison


You were on level 4 of the Dungeon.
You were hungry.

You visited 1 branch of the dungeon, and saw 4 of its levels.

You collected 207 gold pieces.

Inventory:

Hand Weapons
 i - a +0 spear (weapon)
 q - a +0 short sword
 y - a +0 vampiric whip
Missiles
 b - 63 stones (quivered)
 u - 17 arrows
Armour
 c - a +0 robe (worn)
 l - a +0 leather armour
 p - a +0 pair of gloves (worn)
Jewellery
 j - a ring of resist corrosion (left hand)
Wands
 x - a wand of random effects (38)
Scrolls
 a - 8 scrolls of identify {unknown}
 f - 2 scrolls of enchant armour {unknown}
 k - a scroll of random uselessness {unknown}
 m - 4 scrolls of amnesia
 s - 2 scrolls of remove curse
 t - 2 scrolls of teleportation {unknown}
 v - a scroll of enchant weapon {unknown}
Potions
 g - a potion of lignification {unknown}
 h - 3 potions of haste
 n - 3 potions of agility {unknown}
 o - a potion of invisibility {unknown}
 r - a potion of heal wounds {unknown}
 w - 2 potions of curing {unknown}
 z - a potion of brilliance {unknown}
 A - a potion of mutation {unknown}
Books
 e - a book of Geomancy

   Spells                             Type                      Level
   a - Sandblast                      Earth                        1
   b - Passwall                       Transmutation/Earth          2
   c - Stone Arrow                    Conjuration/Earth            3
   d - Petrify                        Transmutation/Earth          4
   e - Lee's Rapid Deconstruction     Earth                        5
Comestibles
 d - 8 rations
 B - 3 chunks of flesh


   Skills:
 + Level 0.4 Fighting
 + Level 0.5 Polearms
 + Level 2.0 Dodging
 + Level 3.8 Stealth
 + Level 4.3 Spellcasting
 + Level 1.5 Conjurations
   Level 1.0 Transmutations
 + Level 5.3 Earth Magic


You had 9 spell levels left.
You knew the following spells:

 Your Spells              Type           Power        Failure   Level  Hunger
a - Sandblast             Erth           ###...       1%          1    None
b - Stone Arrow           Conj/Erth      ###...       11%         3    ###....


Dungeon Overview and Level Annotations

Branches:
Dungeon (4/15)
 Temple: D:4-7

Altars:


Innate Abilities, Weirdness & Mutations

You cannot wear boots.
Your serpentine skin is tough. (AC +2)
You have supernaturally acute eyesight. (SInv)
Armour fits poorly on your strangely shaped body.
Your system is resistant to poisons. (rPois)
You cover ground very slowly.
You have a slow metabolism.
You can spit poison.


Message History

It is a scroll of amnesia.
Okay, then.
The orc hits you but does no damage. The orc hits you with a war axe!
The orc priest hits you with a club.
* * * LOW HITPOINT WARNING * * *
Unknown command.
It was a potion of haste.
You feel yourself speed up. The orc misses you. The orc closely misses you.
The orc hits you with a club.
* * * LOW HITPOINT WARNING * * *
Found a stone staircase leading down.
The orc priest looks satisfied for a moment.
The orc priest casts a cantrip, but nothing happens.
The orc wizard gestures at you while chanting.
The magic dart hits you!
* * * LOW HITPOINT WARNING * * *
The orc priest looks encouraged for a moment.
The orc priest calls down the wrath of Beogh upon you.
Beogh smites you!
You die...

#.)...##..#.# #......#.##.
#..?........#...........##.
#...o..(....#.........#####
####.o......#.........#....
#.o......###.#######....
#......#># #. #....
#......# # #....
#.....o#####.## #####
#......@....... #
#......###..... # ####.###
... # #.# . #.. ##.


You could see an orc priest, an orc wizard (invisible) and 2 orcs.

Vanquished Creatures
  An ogre (D:4)
  A scorpion (D:4)
  A wyvern skeleton (D:3)
  A hound (D:4)
  A bullfrog skeleton (D:4)
  An iguana (D:4)
  A worker ant (D:3)
  A howler monkey zombie (D:2)
  A gnoll (D:1)
  4 adders
  3 worms
  2 dart slugs
  3 leopard geckos
  4 orcs
  7 bats
  2 giant cockroaches
  2 goblins (D:3)
  6 hobgoblins
  9 jackals
  A quokka (D:4)
  A ball python (D:3)
  3 frilled lizards (D:1)
  7 kobolds
  5 rats
68 creatures vanquished.

Notes
Turn   | Place    | Note
-------+----------+-------------------------------------------
     0 | D:1      | pstr the Naga Earth Elementalist began the quest for the Orb.
     0 | D:1      | Reached XP level 1. HP: 15/15 MP: 3/3
   129 | D:1      | Reached XP level 2. HP: 22/22 MP: 1/5
   763 | D:1      | Reached XP level 3. HP: 28/28 MP: 2/6
   768 | D:1      | Learned a level 3 spell: Stone Arrow
  1422 | D:2      | Reached skill level 4 in Earth Magic
  1960 | D:2      | Reached XP level 4. HP: 36/36 MP: 3/8
  2539 | D:3      | Reached XP level 5. HP: 42/42 MP: 3/9
  2684 | D:3      | Reached skill level 1 in Conjurations
  3485 | D:4      | Reached XP level 6. HP: 41/50 MP: 6/11
  3738 | D:4      | Reached skill level 5 in Earth Magic
  3780 | D:4      | Killed from afar by an orc priest

Skill      XL: |  1  2  3  4  5  6 |
---------------+-------------------+-----
Earth Magic    | 4 5 |  5.3
Spellcasting   | 3 4 |  4.3
Conjurations   | 1 |  1.5
Dodging        | 2 |  2.0
Fighting       | |  0.4
Polearms       | |  0.5
Stealth        | |  3.8
Transmutations | |  1.0

Action                   |  1- 3 |  4- 6 || total
-------------------------+-------+-------++-------
Melee: Spear             |     3 |    12 ||    15
Throw: Stone             |       |     1 ||     1
 Cast: Sandblast         |    26 |    59 ||    85
       Stone Arrow       |    10 |    18 ||    28
 Abil: Spit Poison       |     5 |     8 ||    13
  Use: Scroll            |       |     2 ||     2
       Potion            |       |     1 ||     1
  Eat: Chunk             |     2 |     9 ||    11
Armor: Robe              |     4 |    16 ||    20
Dodge: Dodged            |    14 |    55 ||    69
